 Dungeon Crawl Stone Soup version 0.27.1 (webtiles) character file.

Game seed: 16060834311110120437

126 ZARRMARR the Chiller (level 4, -7/24 HPs)
             Began as a Deep Elf Ice Elementalist on Aug 29, 2021.
             Mangled by an ogre (31 damage)
             ... on level 3 of the Dungeon.
             The game lasted 00:15:54 (2966 turns).

ZARRMARR the Chiller (Deep Elf Ice Elementalist)    Turns: 2966, Time: 00:15:56

Health: -7/24      AC:  4    Str:  5    XL:     4   Next: 84%
Magic:  8/12       EV: 13    Int: 21    God:
Gold:   98         SH:  0    Dex: 15    Spells: 8/12 levels left

rFire    . . .     SeeInvis .   k - +1 dagger (elec)
rCold    . . .     Faith    .   (no shield)
rNeg     . . .     Spirit   .   a - +0 robe
rPois    .         Reflect  .   (no helmet)
rElec    .         Harm     .   l - +1 cloak
rCorr    .         Rampage  .   (no gloves)
Will     .....                  (no boots)
Stlth    ++........             (no amulet)
HPRegen  0.08/turn              (no ring)
MPRegen  0.13/turn              (no ring)

@: freezing walls
A: no striking features
a: no special abilities


You were on level 3 of the Dungeon.
You visited 1 branch of the dungeon, and saw 3 of its levels.

You collected 98 gold pieces.

Inventory:

Hand Weapons
 k - a +1 dagger of electrocution (weapon)
Missiles
 i - 4 boomerangs (quivered)
Armour
 a - a +0 robe (worn)
 l - a +1 cloak (worn)
Scrolls
 c - a scroll of enchant armour
 h - a scroll of teleportation {unknown}
 m - a scroll of fear {unknown}
Potions
 b - 2 potions of heal wounds {unknown}
 e - a potion of brilliance
 f - a potion of flight {unknown}
 g - a potion of curing {unknown}
 j - a potion of degeneration {unknown}


   Skills:
 + Level 2.7 Dodging
 + Level 2.7 Stealth
 + Level 4.9 Spellcasting
 + Level 5.6 Ice Magic
 + Level 0.7 Evocations


You had 8 spell levels left.
You knew the following spells:

 Your Spells              Type           Power      Damage    Failure   Level
a - Freeze                Ice            100%       1d11      1%          1
b - Frozen Ramparts       Ice            58%        1d7       3%          3

Your spell library contained the following spells:

 Spells                   Type           Power      Damage    Failure   Level
 Ozocubu's Armour         Ice            29%        N/A       3%          3
 Hailstorm                Conj/Ice       17%        3d6       34%         4


Dungeon Overview and Level Annotations

Branches:
Dungeon (3/15)

Altars:

Shops:
D:1 [


Message History

Confirm with . or Enter, or press ? or * to list all spells.
The spell is quite dangerous to cast (3% risk of failure)!
Continue anyway?
Casting: Frozen Ramparts (quite dangerous; 3% risk of failure)
Press: ? - help, Dir - look around, f - activate
Okay, then.
Unknown command.
There is an open door here.
Casting: Frozen Ramparts (quite dangerous; 3% risk of failure)
Confirm with . or Enter, or press ? or * to list all spells.
The spell is quite dangerous to cast (3% risk of failure)!
Continue anyway?
Casting: Frozen Ramparts (quite dangerous; 3% risk of failure)
Press: ? - help, Dir - look around, f - activate An open door.
Okay, then.
Casting: Frozen Ramparts (quite dangerous; 3% risk of failure)
Confirm with . or Enter, or press ? or * to list all spells.
The spell is quite dangerous to cast (3% risk of failure)!
Continue anyway?
Casting: Frozen Ramparts (quite dangerous; 3% risk of failure)
Press: ? - help, Dir - look around, f - activate The walls around you are covered in ice.
The ogre shouts!
The wall freezes the ogre.
Unknown command.
Throw: 4 boomerangs
Press: ? - help, Q - select action, (/) - cycle Shift-Dir - straight line, f - ogre
Aim: an ogre, wielding a +0 giant spiked club (73% to hit)
You throw a boomerang. The boomerang hits the ogre.
The ogre is lightly wounded.
The wall freezes the ogre.
Casting: Frozen Ramparts (quite dangerous; 3% risk of failure)
Confirm with . or Enter, or press ? or * to list all spells.
Aiming: Freeze (safe; 1% risk of failure)
Press: ? - help, Shift-Dir - straight line, f/p - ogre
Aim: an ogre, wielding a +0 giant spiked club (lightly wounded)
You freeze the ogre!
The ogre is heavily wounded.
The wall freezes the ogre.
The ogre hits you with a +0 giant spiked club!!
Ouch! That really hurt!
You die...

#
################
#...........†.##
#.............##
#.............#.
#
#...8#####8...##
#.## #...##
##...#)
#...##...#
#...#) #O@'...#
#...'. ##.#...#
#...## ###...#
#...# #...8#
#8...# #......
......#
#^............#
#.............#
##############


You could see an ogre.

Vanquished Creatures
  An orc priest (D:3)
  3 adders (D:2)
  A dart slug (D:2)
  7 orcs (D:3)
  5 bats
  6 endoplasms
  A giant cockroach (D:2)
  5 goblins
  8 hobgoblins
  2 quokkas
  6 ball pythons
  3 frilled lizards
  7 kobolds
  5 rats
60 creatures vanquished.

Notes
Turn   | Place    | Note
-------+----------+-------------------------------------------
     0 | D:1      | ZARRMARR the Deep Elf Ice Elementalist began the quest for
                  | the Orb.
     0 | D:1      | Reached XP level 1. HP: 10/10 MP: 6/6
   267 | D:1      | Reached XP level 2. HP: 15/15 MP: 5/8
   606 | D:1      | Found Tiuquj's Armour Shop.
   935 | D:2      | Reached skill level 5 in Ice Magic
   935 | D:2      | Reached XP level 3. HP: 7/19 MP: 1/10
  1550 | D:2      | Learned a level 3 spell: Frozen Ramparts
  1736 | D:2      | Found a faded altar of an unknown god.
  1855 | D:2      | Reached XP level 4. HP: 23/24 MP: 8/12
  2961 | D:3      | Noticed an ogre
  2966 | D:3      | Mangled by an ogre

Illustrated notes

Levels and vault maps discovered:
D:1:      onia_arrival_mini_maze_b, layout_basic, serial_shops, shop
D:2:      layout_basic, hellmonk_ecumenical_altar_slurped_away
D:3:      layout_rooms, kennysheep_path_1, minmay_goblin_kobold_house

Skill      XL: |  1  2  3 |
---------------+----------+-----
Ice Magic      | 5 |  5.6
Spellcasting   | 4 |  4.9
Dodging        | |  2.7
Stealth        | |  2.7
Evocations     | |  0.7

Action                   |  1- 3 |  4- 6 || total
-------------------------+-------+-------++-------
Melee: Dagger            |       |     2 ||     2
Throw: Boomerang         |       |    13 ||    13
 Cast: Freeze            |    38 |     4 ||    42
       Frozen Ramparts   |     8 |    13 ||    21
Evoke: Wand              |    10 |     3 ||    13
  Use: Scroll            |     3 |     1 ||     4
       Potion            |     1 |       ||     1
Armor: Robe              |     3 |     3 ||     6
Dodge: Dodged            |    10 |     6 ||    16
